 Dungeon Crawl Stone Soup version 0.31-a0-182-gc5ef74bbde (webtiles) character file.

Game seed: 6451206606848311047

62 qw the Shooter (level 4, -2/39 HPs)
             Began as a Naga Hunter on June 20, 2023.
             Slain by a hobgoblin (3 damage)
             ... led by Robin
             ... on level 2 of the Dungeon.
             The game lasted 00:00:32 (1360 turns).

qw the Shooter (Naga Hunter)                        Turns: 1360, Time: 00:00:32

Health: -2/39      AC:  6    Str: 15    XL:     4   Next: 8%
Magic:  4/4        EV:  9    Int: 10    God:
Gold:   39         SH:  0    Dex: 18    Spells: 3/3 levels left

rFire   . . .        i - +8 sling "Yffeunoo" {flame, rC- Str+2 Dex+2}
rCold   x . .        (no shield)
rNeg    . . .        c - +0 leather armour
rPois   +            (no helmet)
rElec   .            (no cloak)
rCorr   .            (no gloves)
SInv    +            (no barding)
Will    .....        (no amulet)
Stlth   ++           a - +4 ring of protection
HPRegen 0.26/turn    (no ring)
MPRegen 0.09/turn

%: no passive effects
@: short of breath, very slow
A: AC +1, large, see invisible, deformed body, poison resistance, slowness 2,
spit poison 1, naga tail 1
a: Spit Poison


You were on level 2 of the Dungeon.
You visited 1 branch of the dungeon, and saw 3 of its levels.

You collected 39 gold pieces.


Innate Abilities, Weirdness & Mutations

Your serpentine skin is tough. (AC +1)
You have supernaturally acute eyesight. (SInv)
Armour fits poorly on your strangely shaped body.
Your system is resistant to poisons. (rPois)
You cover ground very slowly.
You can spit poison.
You have a snake-like lower body.


   Skills:
 + Level 2.1 Fighting
 - Level 5.0 Ranged Weapons
 - Level 1.5 Dodging
 - Level 1.5 Stealth


You had 3 spell levels left.
You didn't know any spells.
Your spell library was empty.

Inventory:

Hand Weapons
 i - the +8 sling "Yffeunoo" (weapon) {flame, rC- Str+2 Dex+2}
   (You took it off a goblin on level 2 of the Dungeon)

   Str:       It affects your strength (+2).
   Dex:       It affects your dexterity (+2).
   rC:        It makes you vulnerable to cold.
Armour
 c - a +0 leather armour (worn)
Jewellery
 a - a +4 ring of protection (left hand)
Scrolls
 j - a scroll of identify
Potions
 b - a potion of enlightenment {unknown}
 d - a potion of lignification {unknown}
 f - a potion of curing
 g - a potion of degeneration {unknown}

Dungeon Overview and Level Annotations

Branches:
Dungeon (3/15)

Altars:

Annotations:
D:3 Robin


Message History

1355 ||| INVOKING Spit Poison.
Aiming: Spit Poison (1% risk of failure)
Press: ? - help, Shift-Dir - straight line, f - goblin The splash of poison hits the goblin.
The goblin is severely wounded.
The goblin hits you with a +0 club. The goblin hits you but does no damage.
The goblin closely misses you. The goblin barely misses you.
The hobgoblin barely misses you.
The goblin hits you but does no damage. x2
You shoot a sling bullet. The sling bullet hits the goblin.
The sling bullet burns the goblin.
You kill the goblin!
The goblin hits you with a +0 club. The goblin barely misses you. x2
The goblin hits you with a +0 dagger. The goblin hits you but does no damage.
The hobgoblin hits you.
You shoot a sling bullet.
The sling bullet barely misses the goblin.
The goblin hits you but does no damage. x2; The goblin closely misses you.
The goblin hits you with a +0 dagger. The goblin hits you but does no damage.
The hobgoblin hits you. The goblin hits you with a +0 club.
The goblin closely misses you. The hobgoblin barely misses you.
The goblin barely misses you. The goblin hits you but does no damage.
The goblin hits you with a +0 dagger.
You shoot a sling bullet. The sling bullet hits the goblin.
The sling bullet burns the goblin.
You kill the goblin!
The goblin hits you but does no damage. The hobgoblin closely misses you.
The goblin closely misses you. The goblin hits you but does no damage.
The goblin barely misses you.
You shoot a sling bullet. The sling bullet hits the goblin!
The sling bullet burns the goblin.
You kill the goblin!
You have got your breath back.
The goblin hits you but does no damage. The hobgoblin hits you.
The goblin hits you but does no damage. x2
1360 ||| INVOKING Spit Poison.
Aiming: Spit Poison (1% risk of failure)
Press: ? - help, Shift-Dir - straight line, f - goblin The splash of poison misses the goblin.
The goblin hits you with a +0 club. The hobgoblin hits you.
You die...

.......#.# #.....~.''..####
.......#.######...)~~~##.....#
.......#......#..)..~~##.....#
.......#..###.#....~~~##.....#
.......#..###.#)########.....#
########..#..<.......#.......####
.....................'.......'...
.........(#....gg)...#.......####
................@)...###.......##
..........#....gg)...##........'.
..........#..........##........##
..>.......#..........##........#
..........#..........##........#
###########..........##.########
###### #######.......#.# .....#
#.............'.#
.....####.............#####


You could see a hobgoblin (strong) and 3 goblins.

Vanquished Creatures
  An adder (D:2)
  A dart slug (D:2)
  An orc (D:3)
  4 ball pythons
  3 bats (D:1)
  6 endoplasms
  2 giant cockroaches (D:1)
  11 goblins
  A hobgoblin (D:2)
  6 kobolds
  2 quokkas (D:1)
  2 frilled lizards (D:1)
  5 rats
45 creatures vanquished.

Notes
Turn   | Place    | Note
-------+----------+-------------------------------------------
     0 | D:1      | qw the Naga Hunter began the quest for the Orb.
     0 | D:1      | Reached XP level 1. HP: 19/19 MP: 1/1
     0 | D:1      | 0 ||| qw: Version: 0.3-a-9-g12657ce
     0 | D:1      | 0 ||| qw: Game counter: 1252
     0 | D:1      | 0 ||| qw: Always use a shield: true
     0 | D:1      | 0 ||| qw: God list: Okawaru
     0 | D:1      | 0 ||| qw: Allow faded altars: false
     0 | D:1      | 0 ||| qw: Do Orc after D:15 true
     0 | D:1      | 0 ||| qw: Do second Lair branch before Depths: true
     0 | D:1      | 0 ||| qw: Lair rune preference: random
     0 | D:1      | 0 ||| qw: Plans: Normal
     0 | D:1      | 0 ||| PLANNING D:1-11
    44 | D:1      | 44 ||| INVOKING Spit Poison.
    53 | D:1      | 53 ||| INVOKING Spit Poison.
    57 | D:1      | 57 ||| INVOKING Spit Poison.
    62 | D:1      | 62 ||| INVOKING Spit Poison.
    69 | D:1      | Reached skill level 4 in Ranged Weapons
    69 | D:1      | Reached XP level 2. HP: 8/26 MP: 2/2
   159 | D:1      | 159 ||| INVOKING Spit Poison.
   178 | D:1      | 178 ||| INVOKING Spit Poison.
   182 | D:1      | 182 ||| INVOKING Spit Poison.
   185 | D:1      | 185 ||| INVOKING Spit Poison.
   199 | D:1      | 199 ||| INVOKING Spit Poison.
   239 | D:1      | 239 ||| INVOKING Spit Poison.
   259 | D:1      | 259 ||| INVOKING Spit Poison.
   272 | D:1      | 272 ||| INVOKING Spit Poison.
   571 | D:1      | Reached XP level 3. HP: 32/32 MP: 3/3
   573 | D:1      | 573 ||| READING scroll labelled REHOALIOHO.
   573 | D:1      | Identified a scroll of acquirement
   573 | D:1      | 573 ||| ACQUIRING +4 ring of protection
   573 | D:1      | Acquired a +4 ring of protection
   575 | D:1      | 575 ||| UPGRADING to +4 ring of protection.
   576 | D:1      | 576 ||| READING scroll labelled WOEGIN CEOBB.
   577 | D:1      | 577 ||| DRINKING 2 clear potions.
   578 | D:1      | 578 ||| DROPPING scroll of butterflies.
   596 | D:2      | 596 ||| INVOKING Spit Poison.
   601 | D:2      | 601 ||| INVOKING Spit Poison.
   604 | D:2      | 604 ||| INVOKING Spit Poison.
   610 | D:2      | 610 ||| INVOKING Spit Poison.
   612 | D:2      | 612 ||| STAIRDANCE
   616 | D:1      | 616 ||| INVOKING Spit Poison.
   668 | D:2      | 668 ||| INVOKING Spit Poison.
   669 | D:2      | 669 ||| INVOKING Spit Poison.
   670 | D:2      | 670 ||| STAIRDANCE
   672 | D:1      | 672 ||| INVOKING Spit Poison.
   807 | D:2      | 807 ||| INVOKING Spit Poison.
   855 | D:2      | 855 ||| INVOKING Spit Poison.
  1061 | D:2      | 1061 ||| INVOKING Spit Poison.
  1151 | D:2      | Identified the +8 sling "Yffeunoo" {flame, rC- Str+2 Dex+2}
  1209 | D:2      | 1209 ||| SWAPPING to +8 sling "Yffeunoo" {flame, rC- Str+2
                  | Dex+2}.
  1210 | D:2      | 1210 ||| DROPPING +0 shortbow.
  1320 | D:2      | 1320 ||| READING 2 scrolls labelled VUERUSOMMI.
  1321 | D:2      | 1321 ||| READING scroll labelled TAEX RANYUMNIO.
  1322 | D:2      | 1322 ||| READING scroll labelled JIQEFIEDDU.
  1323 | D:2      | 1323 ||| DROPPING scroll of blinking.
  1346 | D:3      | Identified the +0 helmet of Logot {MP+9}
  1346 | D:3      | Noticed Robin
  1347 | D:3      | 1347 ||| PLANNING SEWER
  1347 | D:3      | 1347 ||| INVOKING Spit Poison.
  1352 | D:3      | Reached skill level 5 in Ranged Weapons
  1353 | D:3      | Reached XP level 4. HP: 30/39 MP: 4/4
  1353 | D:3      | 1353 ||| STAIRDANCE
  1355 | D:2      | 1355 ||| INVOKING Spit Poison.
  1357 | D:2      | HP: 8/39 [goblin/+0 club[Robin] (2)]
  1359 | D:2      | HP: 3/39 [hobgoblin[Robin] (3)]
  1360 | D:2      | 1360 ||| INVOKING Spit Poison.
  1360 | D:2      | HP: 1/39 [goblin/+0 club[Robin] (2)]
  1360 | D:2      | Slain by a hobgoblin

Levels and vault maps discovered:
D:1:      pf_arrival_petrified_forest, layout_rooms
D:2:      layout_basic, minmay_crystal_water, minmay_goblin_outpost
D:3:      layout_rooms, portal_sewer_entry_f, serial_shops,
          nicolae_shop_mannequins, uniq_robin

Skill      XL: |  1  2  3 |
---------------+----------+-----
Ranged Weapons | 4 5 |  5.0
Fighting       | |  2.1
Dodging        | |  1.5
Stealth        | |  1.5

Action                     |  1- 3 |  4- 6 || total
---------------------------+-------+-------++-------
   Fire: Shortbow          |    66 |       ||    66
         Sling             |     5 |     4 ||     9
Ability: Spit Poison       |    23 |     2 ||    25
    Use: Scroll            |     5 |       ||     5
         Potion            |     1 |       ||     1
 Armour: Leather armour    |    19 |    15 ||    34
  Dodge: Dodged            |    25 |    15 ||    40

Table legend:
 A = Non-vault XP
 B = Vault XP
 C = Vault XP percentage of total XP
 D = Non-vault monster count
 E = Vault monster count
 F = Vault count percentage of total count
                 A         B        C        D         E       F
            +---------+---------+-------+---------+---------+-------
      Total |      68 |      21 |  23.6 |      34 |      11 |  24.4
            +---------+---------+-------+---------+---------+-------
        D:1 |      39 |       4 |   9.3 |      24 |       2 |   7.7
        D:2 |      26 |      15 |  36.6 |       9 |       8 |  47.1
        D:3 |       3 |       2 |  40.0 |       1 |       1 |  50.0
            +---------+---------+-------+---------+---------+-------
